 Dungeon Sprint DCSS version 0.21.0-24-g2553a33 (webtiles) character file.

11500000 dobroeutro the Conqueror (level 27, -9/323 HPs)
             Began as a Demonspawn Gladiator on Jan 19, 2018.
             Was the Champion of Makhleb.
             Killed by divine providence
             ... invoked by an observer
              (16 damage)
             ... in the Dungeon (Sprint VIII: "Arena of Blood").
             The game lasted 00:05:00 (115 turns).

dobroeutro the Conqueror (Demonspawn Gladiator)      Turns: 115, Time: 00:05:00

Health: -9/323     AC:  6    Str: 24    XL:     27
Magic:  43/54      EV: 31    Int: 13    God:    Makhleb [******]
Gold:   0          SH:  8    Dex: 15    Spells: 80/80 levels left

rFire    + . .     SeeInvis +   k - +∞ Axe of Woe
rCold    . . .     Gourm    .   (shield currently unavailable)
rNeg     . . .     Faith    .   a - +0 leather armour
rPois    .         Spirit   .   (helmet unavailable)
rElec    .         Reflect  .   (no cloak)
rCorr    .         Harm     .   (no gloves)
MR       ++...     NoTele   +   (no boots)
Stlth    +++++++++.             (no amulet)
HPRegen  9.63/turn              l - ring of protection from fire
MPRegen  0.34/turn              (no ring)

@: lethally poisoned (-9 -> -9)
A: antennae 3, large bone plates 3, foul stench 2, powered by death 3, robust 3,
rot immunity
a: Minor Destruction, Lesser Servant of Makhleb, Major Destruction, Greater
Servant of Makhleb, Renounce Religion


You were in the Dungeon.
You worshipped Makhleb.
Makhleb was exalted by your worship.
You were not hungry.

You visited 1 branch

Inventory:

Hand Weapons
 k - the +∞ Axe of Woe (weapon)
   (You found it in the Dungeon)
Missiles
 c - 3 throwing nets (quivered)
Armour
 a - a +0 leather armour (worn)
 b - a +0 helmet
Jewellery
 l - a ring of protection from fire (left hand)
Scrolls
 j - a scroll of blinking
Potions
 e - a potion of curing
 f - a potion of heal wounds
 g - a potion of haste
 h - 2 potions of magic
 i - a potion of berserk rage
Comestibles
 d - a ration


   Skills:
 O Level 27 Fighting
 O Level 27 Axes
 O Level 27 Throwing
 O Level 27 Armour
 O Level 27 Dodging
 O Level 27 Stealth
 O Level 27 Unarmed Combat
 O Level 27 Spellcasting
 O Level 27 Invocations


You had 80 spell levels left.
You didn't know any spells.

Dungeon Overview and Level Annotations

Branches:
Dungeon (1/1)

Altars:
Makhleb


Innate Abilities, Weirdness & Mutations

You have a pair of large antennae on your head. (SInv)
You are completely covered in large bone plates. (SH +8)
You frequently emit foul miasma when damaged in melee.
You regenerate a lot of health from kills.
You are extremely robust. (+30% HP)
You are immune to rotting.


Message History

Your body is wracked with pain!
* * * LOW HITPOINT WARNING * * *
The eight-headed meat hydra calls on the powers of darkness!
The eight-headed meat hydra convulses!
The meat berserker convulses!
The bag of meat convulses!
The eight-headed meat hydra convulses!
The observer convulses! x3; The eight-headed meat hydra convulses!
Your body is wracked with pain!
* * * LOW HITPOINT WARNING * * *
The eight-headed meat hydra calls on the powers of darkness!
The eight-headed meat hydra convulses!
The observer convulses! x2
The eight-headed meat hydra convulses! x2; The observer convulses!
The scourge convulses!
The meat berserker convulses!
The bag of meat convulses!
The eight-headed meat hydra convulses!
The bag of meat convulses! x2
The observer convulses! x2; Your body is wracked with pain!
* * * LOW HITPOINT WARNING * * *
The wretched soul breathes negative energy at you.
The bolt of negative energy misses you. The observer gazes at you.
Something smites you!
You die...

#..... ..#. #.....
##...# #.....###..oG..
.... #....#..GDWGDz...
....
#........#Dz...........
#..D..3.O.#.SM.....#...
#......)W..o.#.... #...
#......).o#o....{###...
#))..#@G............).#
#))..##.......#.....)..
#)M...#.....#))%...)#).
#†)G...###).))).%...#_.
#.)..%##.)))#)))....#..
#.M))#..))))..#...O....
#....#.))))...........#
#...))..)))..X...###...
#................. #...


You could see an accursed, 4 eight-headed meat hydras, 4 observers, a scourge, 2
sculptors of flesh, a soul eater, 2 wretched souls, a meat berserker (berserk)
and 4 bags of meat.

Vanquished Creatures
  4 hell beasts (D)
  4 greater mummies (D)
  2 great orbs of eyes (D)
  13 vampire knights (D)
  28 ogres (D)
  8 two-headed ogres (D)
  5 liches (D)
  3 hydras (D)
  83 orcs (D)
  3 phantoms (D)
  3 skeletal warriors (D)
  6 small abominations (D)
  5 large abominations (D)
  2 crawling corpses (D)
169 creatures vanquished.

Vanquished Creatures (others)
  2 orcs (D)
  8 crawling corpses (D)
10 creatures vanquished.

Grand Total: 179 creatures vanquished

Notes
Turn   | Place    | Note
-------+----------+-------------------------------------------
     0 | D        | Found the +∞ Axe of Woe
     0 | D        | dobroeutro the Demonspawn Gladiator began the quest for the Orb.
     0 | D        | Reached XP level 1. HP: 16/16 MP: 1/1
     4 | D        | Noticed a meat berserker
     4 | D        | Became a worshipper of Makhleb the Destroyer
     4 | D        | Noticed a bag of meat
     6 | D        | Noticed a bag of meat
     6 | D        | Noticed a bag of meat
     7 | D        | Killed a meat berserker
     7 | D        | Reached skill level 15 in Fighting
     7 | D        | Reached skill level 15 in Stealth
     7 | D        | Gained mutation: You have a pair of small antennae on your head. [demonic ancestry]
     7 | D        | Reached XP level 2. HP: 44/44 MP: 2/2
     7 | D        | Reached XP level 3. HP: 50/50 MP: 3/3
     7 | D        | Reached XP level 4. HP: 57/57 MP: 4/4
     7 | D        | Reached XP level 5. HP: 63/63 MP: 5/5
     7 | D        | Reached XP level 6. HP: 70/70 MP: 6/6
     7 | D        | Reached XP level 7. HP: 76/76 MP: 7/7
     7 | D        | Reached XP level 8. HP: 83/83 MP: 8/8
     7 | D        | Gained mutation: You have a pair of antennae on your head. [demonic ancestry]
     7 | D        | Reached XP level 9. HP: 89/89 MP: 9/9
     7 | D        | Reached XP level 10. HP: 96/96 MP: 10/10
     7 | D        | Gained mutation: You are immune to rotting. [demonic ancestry]
     7 | D        | Reached XP level 11. HP: 102/102 MP: 11/11
     7 | D        | Gained mutation: You may emit foul miasma when damaged in melee. [demonic ancestry]
     7 | D        | Reached XP level 12. HP: 110/110 MP: 12/12
     7 | D        | Gained mutation: You are partially covered in large bone plates. (SH +4) [demonic ancestry]
     7 | D        | Reached XP level 13. HP: 116/116 MP: 13/13
     8 | D        | Noticed a meat berserker
     9 | D        | Noticed a bag of meat
     9 | D        | Killed a bag of meat
     9 | D        | Reached * piety under Makhleb
     9 | D        | Reached skill level 15 in Axes
     9 | D        | Reached skill level 15 in Armour
     9 | D        | Reached skill level 15 in Dodging
    10 | D        | Killed a bag of meat
    10 | D        | Reached XP level 14. HP: 129/129 MP: 14/14
    11 | D        | Killed a bag of meat
    12 | D        | Noticed a bag of meat
    12 | D        | Noticed a bag of meat
    12 | D        | Noticed a meat berserker
    12 | D        | Killed a meat berserker
    12 | D        | Reached ** piety under Makhleb
    12 | D        | Reached XP level 15. HP: 141/141 MP: 15/15
    13 | D        | Noticed a meat berserker
    16 | D        | Noticed a meat berserker
    16 | D        | Noticed a meat berserker
    17 | D        | Killed a meat berserker
    17 | D        | Gained mutation: You have a pair of large antennae on your head. (SInv) [demonic ancestry]
    17 | D        | Reached XP level 16. HP: 121/152 MP: 16/16
    17 | D        | Killed a meat berserker
    17 | D        | Reached *** piety under Makhleb
    17 | D        | Gained mutation: You regenerate a little health from kills. [demonic ancestry]
    17 | D        | Reached XP level 17. HP: 164/164 MP: 17/17
    18 | D        | Noticed a meat berserker
    19 | D        | Killed a meat berserker
    20 | D        | Noticed a meat berserker
    20 | D        | Noticed a large bag of meat
    21 | D        | Killed a meat berserker
    21 | D        | Reached **** piety under Makhleb
    21 | D        | Reached XP level 18. HP: 179/179 MP: 18/18
    21 | D        | Reached skill level 27 in Fighting
    22 | D        | Noticed a large bag of meat
    22 | D        | Killed a large bag of meat
    22 | D        | Reached skill level 27 in Stealth
    22 | D        | Gained mutation: You regenerate health from kills. [demonic ancestry]
    22 | D        | Reached XP level 19. HP: 189/189 MP: 19/19
    22 | D        | Reached ***** piety under Makhleb
    22 | D        | Reached skill level 27 in Axes
    22 | D        | Reached skill level 27 in Armour
    22 | D        | Reached skill level 27 in Dodging
    22 | D        | Reached skill level 10 in Invocations
    22 | D        | Killed a meat berserker
    24 | D        | Killed a meat berserker
    24 | D        | Reached skill level 27 in Invocations
    24 | D        | Reached skill level 10 in Throwing
    24 | D        | Reached skill level 10 in Unarmed Combat
    24 | D        | Gained mutation: You frequently emit foul miasma when damaged in melee. [demonic ancestry]
    24 | D        | Reached XP level 20. HP: 111/197 MP: 19/37
    24 | D        | Reached skill level 15 in Spellcasting
    25 | D        | Noticed a destroyer
    25 | D        | Reached ****** piety under Makhleb
    25 | D        | Gained mutation: You are robust. (+10% HP) [demonic ancestry]
    25 | D        | Reached XP level 21. HP: 197/224 MP: 19/44
    26 | D        | Noticed a large bag of meat
    26 | D        | Noticed a destroyer
    27 | D        | Noticed a large bag of meat
    27 | D        | Noticed a destroyer
    28 | D        | Noticed a destroyer
    30 | D        | Killed a large bag of meat
    30 | D        | Gained mutation: You are mostly covered in large bone plates. (SH +6) [demonic ancestry]
    30 | D        | Reached XP level 22. HP: 233/233 MP: 20/50
    30 | D        | Killed a destroyer
    30 | D        | Reached skill level 27 in Throwing
    30 | D        | Reached skill level 27 in Unarmed Combat
    30 | D        | Reached skill level 27 in Spellcasting
    31 | D        | Killed a destroyer
    32 | D        | Killed a destroyer
    32 | D        | Reached XP level 23. HP: 224/240 MP: 21/54
    32 | D        | Killed a large bag of meat
    33 | D        | Noticed a large bag of meat
    33 | D        | Noticed a large bag of meat
    33 | D        | Noticed a destroyer
    34 | D        | Noticed a destroyer
    35 | D        | Gained mutation: You regenerate a lot of health from kills. [demonic ancestry]
    35 | D        | Reached XP level 24. HP: 249/249 MP: 22/54
    37 | D        | Noticed a large bag of meat
    37 | D        | Killed a large bag of meat
    38 | D        | Killed a destroyer
    38 | D        | Gained mutation: You are very robust. (+20% HP) [demonic ancestry]
    38 | D        | Reached XP level 25. HP: 249/280 MP: 23/54
    40 | D        | Noticed a destroyer
    40 | D        | Killed a destroyer
    42 | D        | Noticed a destroyer
    42 | D        | Killed a large bag of meat
    42 | D        | Gained mutation: You are completely covered in large bone plates. (SH +8) [demonic ancestry]
    42 | D        | Reached XP level 26. HP: 290/290 MP: 24/54
    42 | D        | Killed a destroyer
    42 | D        | Gained mutation: You are extremely robust. (+30% HP) [demonic ancestry]
    42 | D        | Reached XP level 27. HP: 290/323 MP: 24/54
    43 | D        | Noticed a destroyer
    44 | D        | Killed a destroyer
    44 | D        | Killed a large bag of meat
    45 | D        | Killed a large bag of meat
    46 | D        | Killed a destroyer
    48 | D        | Noticed a destroyer
    48 | D        | Killed a destroyer
    50 | D        | Noticed a destroyer
    51 | D        | Noticed an accursed
    51 | D        | Killed a destroyer
    52 | D        | Noticed a tyrant
    52 | D        | Noticed a tyrant
    53 | D        | Noticed a tyrant
    54 | D        | Noticed an accursed
    55 | D        | Killed an accursed
    56 | D        | Noticed a tyrant
    57 | D        | Killed a tyrant
    58 | D        | Noticed a meat beast
    62 | D        | Killed a tyrant
    62 | D        | Killed an accursed
    64 | D        | Noticed a destroyer
    64 | D        | Killed a destroyer
    65 | D        | Killed a meat beast
    68 | D        | Killed a tyrant
    71 | D        | Killed a tyrant
    72 | D        | Killed a destroyer
    73 | D        | Noticed a meat beast
    74 | D        | Noticed a large bag of meat
    74 | D        | Noticed a tyrant
    77 | D        | Killed a meat beast
    78 | D        | Noticed a destroyer
    80 | D        | Noticed a meat beast
    80 | D        | Noticed a meat beast
    81 | D        | Killed a destroyer
    83 | D        | Killed a meat beast
    84 | D        | Killed a meat beast
    89 | D        | Noticed an accursed
    89 | D        | Killed a large bag of meat
    90 | D        | Killed a tyrant
    91 | D        | Noticed an accursed
    98 | D        | Killed an accursed
   101 | D        | Noticed an accursed
   114 | D        | Killed an accursed
   115 | D        | Noticed an accursed
   115 | D        | HP: 12/323 [??? (10)]
   115 | D        | Killed from afar by an observer

Skill      XL: |  1  2  3  4  5  6  7  8  9 10 11 12 13 14 15 16 17 18 19 20 21 22 |
---------------+-------------------------------------------------------------------+-----
Fighting       | 15 17 20 21 23 26 27 | 27.0
Axes           | 14 16 18 20 21 24 26 27 | 27.0
Armour         | 14 16 18 20 21 24 26 27 | 27.0
Dodging        | 14 16 18 20 21 24 26 27 | 27.0
Stealth        | 15 17 20 21 23 26 27 | 27.0
Invocations    | 27 | 27.0
Throwing       | 10 19 24 27 | 27.0
Unarmed Combat | 10 19 24 27 | 27.0
Spellcasting   | 9 19 24 27 | 27.0

Action                   |  1- 3 |  4- 6 |  7- 9 | 10-12 | 13-15 | 16-18 | 19-21 | 22-24 | 25-27 || total
-------------------------+-------+-------+-------+-------+-------+-------+-------+-------+-------++-------
Melee: Executioner's axe |     1 |       |       |       |     5 |     4 |     4 |     6 |    53 ||    73
 Stab: Distracted        |       |       |       |       |       |       |       |       |     1 ||     1
Armor: Leather armour    |       |       |       |       |       |       |       |       |     3 ||     3
Dodge: Dodged            |       |       |       |       |       |       |       |     1 |     9 ||    10
Block: Other             |       |       |       |       |       |       |       |     1 |     4 ||     5
